 Dungeon Crawl Stone Soup version 0.27-a0-1597-ge58577e147 (webtiles) character file.

Game seed: 13767071261672290096

163 MirrMurr the Thrower (level 5, 0/40 (43) HPs)
             Began as a Gnoll Hunter on July 21, 2021.
             Slain by a wight (4 damage)
             ... on level 7 of the Dungeon.
             The game lasted 00:06:42 (2924 turns).

MirrMurr the Thrower (Gnoll Hunter)                 Turns: 2924, Time: 00:06:43

HP:   0/40 (43)     AC:  8    Str: 12    XL:     5   Next: 44%
MP:   7/7           EV:  6    Int: 11    God:
Gold: 111           SH:  0    Dex: 12    Spells: 7/7 levels left

rFire    . . .     SeeInvis .   a - +0 spear (vorpal)
rCold    . . .     Faith    .   (no shield)
rNeg     . . .     Spirit   .   f - +0 chain mail
rPois    .         Reflect  .   (no helmet)
rElec    .         Harm     .   (no cloak)
rCorr    .         Rampage  .   (no gloves)
Will     .....                  (no boots)
Stlth    ..........             (no amulet)
HPRegen  0.13/turn              (no ring)
MPRegen  0.10/turn              (no ring)

@: drained
A: fangs 1, strong nose, distributed training
a: no special abilities


You were on level 7 of the Dungeon.
You visited 1 branch of the dungeon, and saw 4 of its levels.

You collected 111 gold pieces.

Inventory:

Hand Weapons
 a - a +0 vorpal spear (weapon)
 b - a +0 hunting sling
 w - a +0 short sword
Missiles
 c - 6 javelins
 d - 2 throwing nets
 i - 15 poisoned darts
 k - 63 stones
 m - 4 boomerangs (quivered)
 n - a curare-tipped dart
Armour
 f - a +0 chain mail (worn)
Jewellery
 j - a ring of willpower
Scrolls
 e - a scroll of teleportation {unknown}
 h - 2 scrolls of identify {unknown}
Potions
 g - 2 potions of heal wounds {unknown}
 l - a potion of might {unknown}
 o - 2 potions of mutation {unknown}


   Skills:
 + Level 4.8 Fighting
 + Level 1.5 Short Blades
 + Level 1.5 Long Blades
 + Level 1.5 Axes
 + Level 1.5 Maces & Flails
 + Level 1.5 Polearms
 + Level 1.5 Staves
 + Level 1.5 Slings
 + Level 1.5 Bows
 + Level 1.5 Crossbows
 + Level 8.6 Throwing
 + Level 1.5 Armour
 + Level 4.8 Dodging
 + Level 2.8 Stealth
 + Level 1.5 Shields
 + Level 1.5 Unarmed Combat
 + Level 1.5 Spellcasting
 + Level 1.2 Conjurations
 + Level 1.2 Hexes
 + Level 1.2 Summonings
 + Level 1.2 Necromancy
 + Level 1.2 Translocations
 + Level 1.2 Transmutations
 + Level 1.2 Fire Magic
 + Level 1.2 Ice Magic
 + Level 1.2 Air Magic
 + Level 1.2 Earth Magic
 + Level 1.2 Poison Magic
 + Level 1.7 Invocations
 + Level 1.5 Evocations


You had 7 spell levels left.
You didn't know any spells.
Your spell library was empty.

Dungeon Overview and Level Annotations

Branches:
Dungeon (7/15)
 Temple: D:4-7

Altars:


Innate Abilities, Weirdness & Mutations

You have very sharp teeth.
Your uncanny sense of smell can sniff out nearby items.
Your experience applies equally to all skills.


Message History

The wight is moderately damaged.
a - a +0 vorpal spear (weapon)
The wight hits you but does no damage.
You closely miss the wight. You punch the wight, but do no damage.
The wight is moderately damaged.
The wight barely misses you.
You closely miss the wight.
The wight is moderately damaged.
The wight hits you with a +2 hand axe.
You hit the wight.
The wight is heavily damaged.
The wight barely misses you.
You closely miss the wight.
The wight is heavily damaged.
The wight hits you with a +2 hand axe.
You feel drained.
You closely miss the wight.
The wight is heavily damaged.
The wight hits you with a +2 hand axe!
You hit the wight but do no damage.
The wight is heavily damaged.
The wight hits you with a +2 hand axe!
You hit the wight but do no damage.
The wight is heavily damaged.
The wight hits you but does no damage.
You barely miss the wight.
The wight is heavily damaged.
The wight closely misses you.
You hit the wight but do no damage.
The wight is heavily damaged.
The wight closely misses you.
You hit the wight.
The wight is severely damaged.
The wight hits you with a +2 hand axe.
You feel drained.
* * * LOW HITPOINT WARNING * * *
You closely miss the wight. Your bite misses the wight.
The wight is severely damaged.
The wight hits you with a +2 hand axe!
* * * LOW HITPOINT WARNING * * *
You feel drained.
You die...

#........... #.##........ ∆
####.##........ #..[.....# o
#........# .≈ #........# ##
... #........# .#....
#........##############......
#...).......@z((().((.(......
#..).....##############......
#))......# ...... #........#
...<.. #........# ......
########## .....> ......
......


You could see a wight.

Vanquished Creatures
  A kobold brigand (D:7)
  An iguana (D:7)
  2 adders
  3 orcs (D:7)
  8 ball pythons
  2 endoplasms
  A giant cockroach (D:1)
  A goblin (D:1)
  2 hobgoblins
  2 jackals (D:4)
  7 kobolds
  2 quokkas (D:1)
  6 bats
  2 frilled lizards (D:1)
  6 rats
46 creatures vanquished.

Vanquished Creatures (others)
  A plant (D:7)
1 creature vanquished.

Grand Total: 47 creatures vanquished

Notes
Turn   | Place    | Note
-------+----------+-------------------------------------------
     0 | D:1      | MirrMurr the Gnoll Hunter began the quest for the Orb.
     0 | D:1      | Reached XP level 1. HP: 20/20 MP: 1/1
   507 | D:1      | Reached XP level 2. HP: 26/26 MP: 2/2
  1352 | D:1      | Reached XP level 3. HP: 31/31 MP: 3/3
  1815 | D:2      | Reached skill level 1 in Invocations
  2153 | D:2      | You fall into a shaft and drop 2 floors!
  2165 | D:4      | Reached skill level 1 in Short Blades
  2165 | D:4      | Reached skill level 1 in Long Blades
  2165 | D:4      | Reached skill level 1 in Axes
  2165 | D:4      | Reached skill level 1 in Maces & Flails
  2165 | D:4      | Reached skill level 1 in Polearms
  2165 | D:4      | Reached skill level 1 in Staves
  2165 | D:4      | Reached skill level 1 in Slings
  2165 | D:4      | Reached skill level 1 in Bows
  2165 | D:4      | Reached skill level 1 in Crossbows
  2165 | D:4      | Reached skill level 1 in Armour
  2165 | D:4      | Reached skill level 1 in Shields
  2165 | D:4      | Reached skill level 1 in Unarmed Combat
  2165 | D:4      | Reached skill level 1 in Spellcasting
  2165 | D:4      | Reached skill level 1 in Evocations
  2289 | D:4      | You fall into a shaft and drop 3 floors!
  2300 | D:7      | Noticed a kobold brigand
  2301 | D:7      | Reached XP level 4. HP: 38/38 MP: 5/5
  2333 | D:7      | Killed a kobold brigand
  2334 | D:7      | Reached skill level 1 in Conjurations
  2334 | D:7      | Reached skill level 1 in Hexes
  2334 | D:7      | Reached skill level 1 in Summonings
  2334 | D:7      | Reached skill level 1 in Necromancy
  2334 | D:7      | Reached skill level 1 in Translocations
  2334 | D:7      | Reached skill level 1 in Transmutations
  2334 | D:7      | Reached skill level 1 in Fire Magic
  2334 | D:7      | Reached skill level 1 in Ice Magic
  2334 | D:7      | Reached skill level 1 in Air Magic
  2334 | D:7      | Reached skill level 1 in Earth Magic
  2334 | D:7      | Reached skill level 1 in Poison Magic
  2334 | D:7      | Reached XP level 5. HP: 27/43 MP: 5/7
  2492 | D:7      | Noticed an orc warrior
  2563 | D:7      | HP: 2/43 [iguana (3)]
  2924 | D:7      | Slain by a wight

Illustrated notes

Levels and vault maps discovered:
D:1:      dpeg_arrival_chambers_temple_mockup, layout_rooms, minmay_pentomino_p4
D:2:      layout_loops_ring
D:4:      minmay_door_path, layout_basic, serial_shops, shop, shop_fountains,
          nicolae_shop_overgrown_old_shop
D:7:      layout_rooms, fedhas_ov_isle_minmay, dk_yredelemnul_ordeal

Skill      XL: |  1  2  3  4 |
---------------+-------------+-----
Invocations    | 1 |  1.7
Short Blades   | 1 |  1.5
Long Blades    | 1 |  1.5
Axes           | 1 |  1.5
Maces & Flails | 1 |  1.5
Polearms       | 1 |  1.5
Staves         | 1 |  1.5
Slings         | 1 |  1.5
Bows           | 1 |  1.5
Crossbows      | 1 |  1.5
Armour         | 1 |  1.5
Shields        | 1 |  1.5
Unarmed Combat | 1 |  1.5
Spellcasting   | 1 |  1.5
Evocations     | 1 |  1.5
Conjurations   | 1 |  1.2
Hexes          | 1 |  1.2
Summonings     | 1 |  1.2
Necromancy     | 1 |  1.2
Translocations | 1 |  1.2
Transmutations | 1 |  1.2
Fire Magic     | 1 |  1.2
Ice Magic      | 1 |  1.2
Air Magic      | 1 |  1.2
Earth Magic    | 1 |  1.2
Poison Magic   | 1 |  1.2
Fighting       | |  4.8
Throwing       | |  8.6
Dodging        | |  4.8
Stealth        | |  2.8

Action                   |  1- 3 |  4- 6 || total
-------------------------+-------+-------++-------
Melee: Short sword       |    85 |       ||    85
       Bite              |     4 |     1 ||     5
       Spear             |    26 |    43 ||    69
       Punch             |       |     1 ||     1
 Fire: Hunting sling     |    25 |    33 ||    58
 Stab: Sleeping          |     1 |       ||     1
Armor: Leather armour    |    23 |       ||    23
       Chain mail        |    31 |    26 ||    57
Dodge: Dodged            |    69 |    17 ||    86

Table legend: (Time is in decaauts)
 A = Elapsed time spent in this place.
 B = Non-inter-level travel time spent in this place.
 C = Inter-level travel time spent in this place.
 D = Time resting spent in this place.
 E = Time spent auto-exploring this place.
 F = Levels seen in this place.
 G = Mean time per level.
                   A        B        C        D        E       F      G
               +--------+--------+--------+--------+--------+-----+--------+
         Total |   2933 |   2735 |    198 |    465 |   1826 |   4 |  733.2 |
       Dungeon |   2933 |   2735 |    198 |    465 |   1826 |   4 |  733.2 |
               +--------+--------+--------+--------+--------+-----+--------+

Top non-repeatable levels by time:
     D:1: 1531 daAuts
     D:7: 638 daAuts
     D:2: 628 daAuts
     D:4: 135 daAuts
